 Dungeon Crawl Stone Soup version 0.19-a0-49-gb8736b8 (webtiles) character file.

46 M4edhros the Grave Robber (level 3, -9/21 HPs)
             Began as an Octopode Necromancer on May 6, 2016.
             Was an Initiate of Cheibriados.
             Shot with an arrow by a centaur (12 damage)
             ... on level 4 of the Dungeon.
             The game lasted 00:03:26 (977 turns).

M4edhros the Grave Robber (Octopode Necromancer)     Turns: 977, Time: 00:03:27

Health: -9/21      AC:  1    Str:  8    XL:     3   Next: 66%
Magic:  6/6        EV: 12    Int: 18    God:    Cheibriados [......]
Gold:   60         SH:  0    Dex: 14    Spells: 3 memorised, 1 level left

rFire  . . .     SeeInvis .     f - +0 short sword
rCold  . . .     Gourm    .     (no shield)
rNeg   . . .     Faith    .     (helmet restricted)
rPois  .         Spirit   .     (no amulet)
rElec  .         Dismiss  .     (no ring)
rCorr  .         Reflect  .     (no ring)
SustAt .         Harm     .     (no ring)
MR     .....                    (no ring)
Stlth  +++.......               (no ring)
                                (no ring)
                                (no ring)
                                (no ring)

@: very slow, not resistant to hostile enchantments, fairly stealthy
A: almost no armour, amphibious, 8 rings, constrict 8, camouflage 1, gelatinous
body 1
a: Bend Time, Renounce Religion


You were on level 4 of the Dungeon.
You worshipped Cheibriados.
Cheibriados was noncommittal.
You were hungry.

You visited 1 branch of the dungeon, and saw 4 of its levels.

You collected 60 gold pieces.

Inventory:

Hand Weapons
 f - a +0 short sword (weapon)
Armour
 n - a +0 buckler
Scrolls
 e - a scroll of identify {unknown}
 i - a scroll of blinking {unknown}
 l - a scroll of immolation {unknown}
 o - a scroll of remove curse
Potions
 d - a potion of beneficial mutation {unknown}
 h - a potion of flight {unknown}
 j - a potion of heal wounds {unknown}
 m - a potion of might {unknown}
 p - a potion of lignification {unknown}
Books
 a - a book of Necromancy

   Spells                             Type                      Level
   a - Pain                           Necromancy                   1
   b - Animate Skeleton               Necromancy                   1
   c - Vampiric Draining              Necromancy                   3
   d - Regeneration                   Charms/Necromancy            3
   e - Animate Dead                   Necromancy                   4
   f - Control Undead                 Necromancy                   4
 g - a book of the Sky

   Spells                             Type                      Level
   a - Summon Lightning Spire         Summoning/Air                4
   b - Airstrike                      Air                          4
   c - Silence                        Hexes/Air                    5
   d - Deflect Missiles               Charms/Air                   6
   e - Conjure Ball Lightning         Conjuration/Air              6
   f - Tornado                        Air                          9
Comestibles
 b - 5 bread rations
 c - 4 chunks of flesh
 k - 4 fruits


   Skills:
 - Level 2.0 Dodging
 - Level 2.6 Stealth
 + Level 3.1 Unarmed Combat
 - Level 2.0 Spellcasting
 - Level 4.0 Necromancy


You had one spell level left.
You knew the following spells:

 Your Spells              Type           Power        Failure   Level  Hunger
a - Pain                  Necr           ###.         3%          1    #......
b - Animate Skeleton      Necr           N/A          3%          1    #......
r - Regeneration          Chrm/Necr      #.........   24%         3    ###....


Dungeon Overview and Level Annotations

Branches:
Dungeon (4/15)
 Temple: D:4-7

Altars:
Cheibriados


Innate Abilities, Weirdness & Mutations

You cannot wear most types of armour.
You are amphibious.
You can wear up to eight rings at the same time.
You can use your tentacles to constrict eight enemies at once.
Your skin changes colour to match your surroundings (Stealth).
Your rubbery body absorbs attacks (AC +1).


Message History

Casting: Pain
Confirm with . or Enter, or press ? or * to list all spells.
You attempt to give life to the dead...
Before your eyes, flesh is ripped from the corpse!
The dead are slithering!
c - 4 chunks of flesh (gained 3)
You open the door.
You are feeling hungry.
You open the door.
There is an open door here.
A centaur comes into view.
The centaur shouts!
The centaur wields a shortbow.
The centaur shoots an arrow.
The arrow hits you!
Ouch! That really hurt!
* * * LOW HITPOINT WARNING * * *
You see here an arrow.
The centaur shoots an arrow.
The arrow completely misses you.
The centaur shoots an arrow.
The arrow hits you!
Ouch! That really hurt!
You die...

#......###.#
....#......#....
....#......#.... ....
#......#.... ..c
#......'.<[. ##
#.####......#..##
##.##.#....#'####..#
#.....#....#.......#.
#...@.#....#...>...#.
#..(Z.#....#.......#.
#..(..'....#.?.....#.
#######....##########
######


You could see a centaur and a friendly ball python skeleton.

Vanquished Creatures
  A worm (D:2)
  4 dart slugs
  2 giant geckos
  An orc (D:4)
  A ball python (D:4)
  A giant cockroach (D:1)
  3 goblins (D:1)
  2 hobgoblins (D:3)
  2 jackals (D:2)
  4 kobolds (D:1)
  A quokka (D:3)
  3 bats
  A giant newt (D:1)
  3 rats
29 creatures vanquished.

Notes
Turn   | Place    | Note
--------------------------------------------------------------
     0 | D:1      | M4edhros the Octopode Necromancer began the quest for the Orb.
     0 | D:1      | Reached XP level 1. HP: 11/11 MP: 3/3
    39 | D:1      | Reached skill level 1 in Unarmed Combat
    73 | D:1      | Reached XP level 2. HP: 8/17 MP: 0/5
   351 | D:3      | Found a faded altar to an unknown god.
   357 | D:3      | Found a snail-covered altar of Cheibriados.
   364 | D:3      | Reached XP level 3. HP: 4/21 MP: 4/6
   369 | D:3      | Learned a level 1 spell: Animate Skeleton
   373 | D:3      | Learned a level 3 spell: Regeneration
   374 | D:3      | Became a worshipper of Cheibriados the Contemplative
   976 | D:4      | Noticed a centaur
   977 | D:4      | Shot with an arrow by a centaur

Vault maps used:
D:1:      enne_arrival_octagon_isle, roderic_serpentine_path
D:2:      hangedman_decor_clover_reticule
D:3:      nicolae_ru_the_path_less_chosen, ecumenical_altar_1,
          wad_floor_pattern_untrapped, kennysheep_nondescript,
          kennysheep_slug_shrine
D:4:      tso_altar

Skill      XL: |  1  2  3 |
---------------+----------+-----
Unarmed Combat | 1 2 3 |  3.1
Dodging        | |  2.0
Stealth        | |  2.6
Spellcasting   | |  2.0
Necromancy     | |  4.0

Action                   || total
-------------------------++-------
Melee: Unarmed           ||     7
       Short sword       ||    35
       Constrict         ||    11
       Tentacles         ||     7
       Punch             ||     1
 Cast: Pain              ||    16
       Animate Skeleton  ||     2
       Regeneration      ||     2
  Use: Scroll            ||     1
 Stab: Sleeping          ||     4
       Distracted        ||     1
  Eat: Chunk             ||     1
Armor: Skin              ||     1
Dodge: Dodged            ||    21
